 Dungeon Crawl Stone Soup version 0.23-a0-586-gacb4b3f (webtiles) character file.

225 Azzok the Chopper (level 5, -2/45 HPs)
             Began as a Minotaur Fighter on Dec 18, 2018.
             Killed from afar by an orc wizard (6 damage)
             ... with a puff of flame
             ... on level 4 of the Dungeon.
             The game lasted 00:03:48 (2420 turns).

Azzok the Chopper (Minotaur Fighter)                Turns: 2420, Time: 00:03:49

Health: -2/45      AC:  7    Str: 21    XL:     5   Next: 68%
Magic:  4/4        EV:  7    Int:  5    God:
Gold:   103        SH: 14    Dex: 10    Spells: 4/4 levels left

rFire    . . .     SeeInvis .   a - +0 war axe
rCold    . . .     Gourm    .   s - +0 large shield
rNeg     . . .     Faith    .   b - +0 scale mail
rPois    .         Spirit   .   e - +1 hat
rElec    .         Reflect  .   (no cloak)
rCorr    +         Harm     .   (no gloves)
MR       .....                  (no boots)
Stlth    ..........             (no amulet)
HPRegen  0.15/turn              o - ring of resist corrosion
MPRegen  0.09/turn              q - +2 ring of evasion

@: no status effects
A: retaliatory headbutt, horns 2
a: no special abilities


You were on level 4 of the Dungeon.
You were not hungry.

You visited 1 branch of the dungeon, and saw 4 of its levels.

You collected 103 gold pieces.

Inventory:

Hand Weapons
 a - a +0 war axe (weapon)
Armour
 b - a +0 scale mail (worn)
 c - a +0 shield
 e - a +1 hat (worn)
 s - a +0 large shield (worn)
Jewellery
 o - a ring of resist corrosion (left hand)
 q - a +2 ring of evasion (right hand)
Scrolls
 h - 3 scrolls of enchant weapon {unknown}
 i - a scroll of magic mapping {unknown}
 k - 3 scrolls of random uselessness {unknown}
 m - 2 scrolls of identify {unknown}
 n - 2 scrolls of fear {unknown}
 p - 2 scrolls of remove curse {unknown}
 u - a scroll of amnesia {unknown}
Potions
 d - a potion of might
 g - a potion of curing {unknown}
 l - a potion of heal wounds {unknown}
 r - a potion of brilliance {unknown}
 t - a potion of resistance {unknown}
Comestibles
 f - 8 rations
 j - 17 chunks of flesh


   Skills:
 - Level 3.6 Fighting
 + Level 7.3 Axes
 - Level 3.6 Armour
 - Level 3.6 Shields


You had 4 spell levels left.
You didn't know any spells.
Your spell library was empty.

Dungeon Overview and Level Annotations

Branches:
Dungeon (4/15)
 Temple: D:4-7

Altars:
Elyvilon
Gozag
Nemelex Xobeh


Innate Abilities, Weirdness & Mutations

You reflexively headbutt those who attack you in melee.
You have a pair of horns on your head.


Message History

You miss something. Your headbutt misses something.
You barely miss the orc priest.
You hear some strange, mumbled words.
A magic dart appears from out of thin air!
The magic dart hits you!
The orc priest mumbles some strange prayers to Beogh against you.
You barely resist.
You hear some strange, mumbled words.
A puff of flame appears from out of thin air!
The puff of flame hits you!
The orc priest invokes the aid of Beogh against you.
Pain shoots through your body!
* * * LOW HITPOINT WARNING * * *
You closely miss the orc priest. Your headbutt misses the orc priest.
You miss something.
You feel less confused.
You hear some strange, mumbled words.
A puff of flame appears from out of thin air!
The puff of flame hits you!
You die...

▒·····▒▒··?·▒
·····▒·····▒
·········▒ ▒······
▒▒▒· ▒····▒ ····
▒▒···▒▒ ····· ▒··?··▒▒
···· ▒▒▒··)o··▒▒▒ ···▒
▒····@§·W··▒▒▒··▒▒
▒·····{·▒··▒···[·▒··
····!····▒▒···<·······
▒·····>··▒▒▒▒··▒▒▒····
·········· ▒▒··▒ ·
··········▒ ·····
··▒········ ·····▒
▒▒▒············▒▒·▒
▒▒▒·····?···▒▒ ▒▒


You could see a phantom and an orc priest.

Vanquished Creatures
  An orc wizard (D:3)
  A bullfrog skeleton (D:4)
  7 adders
  An ooze (D:2)
  An adder skeleton (D:4)
  3 worms (D:2)
  A dart slug (D:1)
  8 leopard geckos
  9 orcs
  3 ball pythons
  A giant cockroach (D:2)
  4 hobgoblins
  6 jackals
  2 quokkas (D:3)
  7 bats
  A frilled lizard (D:2)
  7 goblins
  8 kobolds
  3 rats
74 creatures vanquished.

Notes
Turn   | Place    | Note
-------+----------+-------------------------------------------
     0 | D:1      | Azzok the Minotaur Fighter began the quest for the Orb.
     0 | D:1      | Reached XP level 1. HP: 19/19 MP: 0/0
   208 | D:1      | Reached skill level 3 in Axes
   271 | D:1      | Reached XP level 2. HP: 24/26 MP: 1/1
   783 | D:1      | Reached skill level 4 in Axes
   968 | D:2      | Reached XP level 3. HP: 31/31 MP: 2/2
   978 | D:2      | Reached skill level 5 in Axes
  1131 | D:2      | Reached XP level 4. HP: 39/39 MP: 3/3
  1362 | D:2      | Found an opulent altar of Gozag.
  1510 | D:2      | Found a white marble altar of Elyvilon.
  1516 | D:2      | Reached skill level 6 in Axes
  2019 | D:3      | Reached XP level 5. HP: 45/45 MP: 4/4
  2210 | D:3      | Found a sparkling altar of Nemelex Xobeh.
  2389 | D:4      | Reached skill level 7 in Axes
  2404 | D:4      | Noticed a phantom
  2420 | D:4      | Killed from afar by an orc wizard

Vault maps used:
D:1:      minmay_arrival_radiant_lines, minmay_misc_feat_rows, minmay_3d_cube
D:2:      grunt_gozag_statues, lemuel_coloured_pillars_altar,
          minmay_small_reverse_x
D:3:      first_ration, nemelex_altar_shiori

Skill      XL: |  1  2  3  4  5 |
---------------+----------------+-----
Axes           | 3 4 5 6 7 |  7.3
Fighting       | |  3.6
Armour         | |  3.6
Shields        | |  3.6

Action                   |  1- 3 |  4- 6 || total
-------------------------+-------+-------++-------
Melee: War axe           |    53 |   109 ||   162
       Headbutt          |     3 |    20 ||    23
  Eat: Chunk             |     1 |     4 ||     5
Armor: Scale mail        |    29 |    48 ||    77
Dodge: Dodged            |    28 |    42 ||    70
Block: Shield            |    41 |    49 ||    90
       Large shield      |       |    27 ||    27

Table legend:
 A = Non-vault XP
 B = Vault XP
 C = Vault XP percentage of total XP
 D = Non-vault monster count
 E = Vault monster count
 F = Vault count percentage of total count
                 A         B        C        D         E       F
            +---------+---------+-------+---------+---------+-------
      Total |     298 |      24 |   7.5 |      68 |       6 |   8.1
            +---------+---------+-------+---------+---------+-------
        D:1 |      26 |       3 |  10.3 |      14 |       2 |  12.5
        D:2 |     118 |      21 |  15.1 |      26 |       4 |  13.3
        D:3 |     101 |       0 |   0.0 |      22 |       0 |   0.0
        D:4 |      53 |       0 |   0.0 |       6 |       0 |   0.0
            +---------+---------+-------+---------+---------+-------
